Unix NetHack Version 5.0.0-0 post-release - last build Jun 10 2026 00:39:30 (3ee93aec679c4c4259841fe613dc97188e26a321,branch:main).

Game began 2026-06-09 02:48:30, ended 2026-06-11 03:21:52.

Eldrich, lawful male human Archeologist

         ------------    ----------
         |...........#  #....>.....####
         |.....{....|#  #|........|   #   ---------------
         |..........|#  #|........|   ####...`.......{..|
         |..........|####|.......(|       |......<.......####
         -------.----##  --------.-       |.............|   #####
               ##  ##)#       ####        |.............|       ######+
               ##### #       ##           |.............|
            #####    #      ##            ---------------
          ### (##    #      #
          #   #      #      #
       ####   #      #------o-------
      -|------#      #|...G...._...|
      |.......####(###-.......od...|
      |......|        |.......@....|
      |......|        --------------
      --------

Eldrich the Field Worker   St:14 Dx:9 Co:12 In:17 Wi:14 Ch:9  Lawful
Dlvl:4  $:990 HP:0(35) Pw:11(11) AC:10 Xp:4 T:2963 

Latest messages:
 You miss the gnome.
 You hit the gnome.
 The gnome drinks a potion of healing!
 The gnome looks better.
 You hit the gnome.
 The gnome drinks a potion of healing!
 The gnome looks better.
 You hit the gnome.
 The gnome swings his thonged club.
 The gnome hits!
 You hit the gnome.
 You hit the gnome.
 The gnome drinks a potion of healing!
 The gnome looks better.
 You hit the gnome.
 The gnome swings his thonged club.
 The gnome hits!
 You hit the gnome.
 You hit the gnome.
 You miss the gnome.
 The gnome drinks a potion of healing!
 The gnome looks better.
 You hit the gnome.
 You hit the gnome.
 The gnome swings his thonged club.
 The gnome hits!
 You miss the gnome.
 The gnome swings his thonged club.
 The gnome hits!
 You hit the gnome.
 You hit the gnome.
 You miss the gnome.
 You miss the gnome.
 The gnome swings his thonged club.
 The gnome hits!
 You hear some noises.
 You hit the gnome.
 The gnome swings his thonged club.
 The gnome hits!
 The dog bites it.
 You hear the chime of a cash register.
 You swap places with your dog.
 The hill orc swings her curved sword.
 The hill orc hits!
 You die...
 Do you want your possessions identified? [ynq] (y) y
 Do you want to see your attributes? [ynq] (y) n
 Do you want an account of creatures vanquished? [ynaq] (y) n
 Do you want to see your conduct and achievements? [ynq] (y) n
 Do you want to see the dungeon overview? [ynq] (y) n

Inventory:
 Coins    ('$')
  $ - 990 gold pieces
 Comestibles  ('%')
  y - an uncursed candy bar labeled "Fruity Oaty"
  d - 2 uncursed food rations
  l - 2 uncursed oranges
 Scrolls  ('?')
  x - an uncursed scroll of charging
 Potions  ('!')
  k - an uncursed potion of enlightenment
 Rings    ('=')
  p - an uncursed +1 ring of increase damage (on right hand)
  w - an uncursed ring of warning (on left hand)

Eldrich the Archeologist's attributes:

Background:
 You were a Field Worker, a level 4 male human Archeologist.
 You were lawful, on a mission for Quetzalcoatl
 who was opposed by Camaxtli (neutral) and Huhetotl (chaotic).
 You were right-handed.
 You were in the Dungeons of Doom, on level 4.
 You entered the dungeon 2963 turns ago.
 It was nighttime.
 You had 139 experience points, 21 more were needed to attain level 5.

Basics:
 You had 0 out of 35 hit points.
 You had all 11 energy points (spell power).
 Your armor class was 10.
 Your wallet contained 990 zorkmids.
 Autopickup was off.

Final Characteristics:
 Your strength was 14 (peak:17, limit:18/100).
 Your dexterity was 9 (limit:18).
 Your constitution was 12 (limit:18).
 Your intelligence was 17 (limit:18).
 Your wisdom was 14 (limit:18).
 Your charisma was 9 (limit:18).

Final Status:
 You weren't hungry.
 You were unencumbered.
 You were bare handed.
 You were unskilled in bare handed combat.
 You weren't wearing any armor.

Final Attributes:
 You were piously aligned.
 You were level-drain resistant.
 You were warned.
 You had automatic searching.
 You had a small damage bonus (+1).
 You were a werejackal.
 You were harmed by silver.
 You were unlucky.
 Quetzalcoatl was angry with you.
 You are dead.

Miscellaneous:
 You didn't encounter any bones levels.
 Total elapsed playing time was 44 minutes and 6 seconds.

Major events:
 Turn
    1: Eldrich the lawful male human Archeologist entered the dungeon
  459: entered the Gnomish Mines
  912: attained the rank of Field Worker (level 3)
 2963: killed by a hill orc

Spells:
 Name                 Level Category     Fail Retention
 teleport away          6   escape       100%  76%-100%
 healing                1   healing        0%  76%-100%

Skills:
 Fighting Skills
   bare handed combat [Unskilled]
   two weapon combat  [Unskilled]
   riding             [Unskilled]
 Weapon Skills
   dagger             [Unskilled]
   knife              [Unskilled]
   pick-axe           [Basic]
   short sword        [Unskilled]
   saber              [Unskilled]
   club               [Unskilled]
   quarterstaff       [Unskilled]
   sling              [Unskilled]
   dart               [Unskilled]
   boomerang          [Unskilled]
   whip               [Skilled]
   unicorn horn       [Unskilled]
 Spellcasting Skills
   attack spells      [Unskilled]
   healing spells     [Unskilled]
   divination spells  [Unskilled]
   matter spells      [Unskilled]

Voluntary challenges:
 Character rerolling was not enabled.
 You never genocided any monsters.
 You never polymorphed an object.
 You used no wishes.
Achievements:
 You entered the Gnomish Mines.
 You entered a shop.
 You attained the rank of Field Worker.

 The Dungeons of Doom: levels 1 to 5
    Level 1:
       Some fountains, a grave.
    Level 2:
       A general store.
       Stairs down to The Gnomish Mines.
    Level 3:
       A general store, a grave.
    Level 4: <- You were here.
       An altar to Quetzalcoatl, a fountain, a sink.
       Final resting place for
          you, killed by a hill orc.
    Level 5:
 The Gnomish Mines:
    Level 3:


Vanquished creatures:
 an elf zombie
  a centipede
  3 orc zombies
  a wererat
  a werejackal
 an iguana
 an acid blob
  a coyote
  2 giant rats
  3 cave spiders
  4 gnomes
  2 garter snakes
  2 gnome zombies
  2 geckos
 15 jackals
  4 foxes
  a kobold
  2 goblins
  2 sewer rats
  2 grid bugs
  2 bats
  4 lichens
  a kobold zombie
  5 newts
63 creatures vanquished.

No species were genocided or became extinct.

Game over:
                       ----------
                      /          \
                     /    REST    \
                    /      IN      \
                   /     PEACE      \
                  /                  \
                  |     Eldrich      |
                  |      990 Au      |
                  | killed by a hill |
                  |       orc        |
                  |                  |
                  |                  |
                  |       2026       |
                 *|     *  *  *      | *
        _________)/\\_//(\/(/\)/\//\/|_)_______

Goodbye Eldrich the Archeologist...

You died in The Dungeons of Doom on dungeon level 4 with 1647 points,
and 990 pieces of gold, after 2963 moves.
You were level 4 with a maximum of 35 hit points when you died.

